 Dungeon Crawl Stone Soup version 0.31.0-32-g396128a36d (webtiles) character file.

Game seed: 2080428948556990493

4225 bearlyready the Carver (level 10, -4/129 HPs)
             Began as a Barachi Berserker on Mar 17, 2024.
             Was a Priest of Trog.
             Killed from afar by Erica (6 damage)
             ... with a bolt of poison
             ... on level 8 of the Dungeon.
             The game lasted 00:10:41 (7224 turns).

bearlyready the Carver (Barachi Berserker)          Turns: 7224, Time: 00:10:42

Health: -4/129     AC:  8    Str: 19    XL:     10   Next: 30%
Magic:  10/10      EV:  9    Int:  7    God:    Trog [***...]
Gold:   277        SH:  0    Dex: 16    Spells: 9/9 levels left

rFire   . . .        C - +2 triple sword (venom)
rCold   + . .        (shield currently unavailable)
rNeg    . . .        E - +2 leather armour {rPois}
rPois   +            (no helmet)
rElec   .            i - +0 cloak
rCorr   +            e - +0 pair of gloves
SInv    .            H - +0 pair of boots
Will    .....        q - amulet of regeneration Stlth
                     m - ring of resist corrosion
HPRegen 1.21/turn    L - ring of protection from cold
MPRegen 0.12/turn

%: no passive effects
@: berserking (expiring), lethally poisoned (-4 -> -17), slowed, constricted,
slow
A: amphibious, slowness 1, strong legs 1, +LOS
a: Hop, Renounce Religion, Berserk, Trog's Hand


You were on level 8 of the Dungeon.
You worshipped Trog.
Trog was most pleased with you.
You visited 1 branch of the dungeon, and saw 8 of its levels.

You collected 463 gold pieces.
You spent 186 gold pieces at shops.

Inventory:

Hand Weapons
 C - a +2 triple sword of venom (weapon)
 N - a +4 falchion
Missiles
 c - 68 stones
 k - a throwing net
 r - 2 datura-tipped darts
 u - 10 poisoned darts (quivered)
 G - 3 boomerangs
Armour
 b - a +0 animal skin
 e - a +0 pair of gloves (worn)
 i - a +0 cloak (worn)
 j - a +0 scale mail
 E - a +2 leather armour of poison resistance (worn)
 H - a +0 pair of boots (worn)
Jewellery
 m - a ring of resist corrosion (left hand)
 q - an amulet of regeneration (around neck)
 L - a ring of protection from cold (right hand)
Talismans
 d - a serpent talisman
 g - a flux talisman
 K - a beast talisman
Wands
 J - a wand of flame (13)
 M - a wand of roots (4)
Scrolls
 f - a scroll of fear
 n - 2 scrolls of blinking
 p - a scroll of vulnerability
 t - 3 scrolls of butterflies
 x - 5 scrolls of teleportation
 y - a scroll of poison
 z - a scroll of noise
 B - 2 scrolls of enchant armour
 D - 2 scrolls of fog
 F - 2 scrolls of amnesia
 P - 3 scrolls of identify
Potions
 a - 2 potions of magic {unknown}
 h - 4 potions of mutation
 l - a potion of lignification
 o - a potion of cancellation {unknown}
 s - a potion of heal wounds {unknown}
 v - 2 potions of haste {unknown}
 w - a potion of ambrosia {unknown}
 A - 4 potions of curing {unknown}
 I - a potion of enlightenment {unknown}
 O - a potion of degeneration {unknown}


   Skills:
 - Level 10.5 Fighting
 + Level 14.7 Long Blades
 - Level 2.4 Armour
 - Level 2.1 Dodging


You had 9 spell levels left.
You didn't know any spells.
Your spell library was empty.

Dungeon Overview and Level Annotations

Branches:
Dungeon (8/15)             Temple (0/1) D:6
   Lair: D:8-11

Altars:
Ashenzari
Cheibriados
Elyvilon
Fedhas
Kikubaaqudgha
Makhleb
Qazlal
Ru
Uskayaw
Vehumet
Xom
The Shining One

Shops:
D:6 ?

Annotations:
D:8 Erica


Innate Abilities, Weirdness & Mutations

You are amphibious.
You cover ground slowly.
You can hop short distances.
You have an extended range of vision and can be seen from far away.


Message History

Trog accepts your kill.
You chop something into pieces!!! Something hits you. Something burns you.
Something grabs you.
You are constricted.
You closely miss something. You miss something. Something hits you!
Something burns you.
* * * LOW HITPOINT WARNING * * *
You are constricted.
* * * LOW HITPOINT WARNING * * *
You barely miss something. Something hits you!
* * * LOW HITPOINT WARNING * * *
Something burns you.
* * * LOW HITPOINT WARNING * * *
You are constricted.
* * * LOW HITPOINT WARNING * * *
You barely miss something. Something hits you.
* * * LOW HITPOINT WARNING * * *
Something burns you.
* * * LOW HITPOINT WARNING * * *
You are constricted.
* * * LOW HITPOINT WARNING * * *
You slice something!! You miss something.
Something hits you but does no damage.
You are constricted.
* * * LOW HITPOINT WARNING * * *
You closely miss something.
You hear some strange, mumbled words.
You feel yourself slow down.
You are constricted.
* * * LOW HITPOINT WARNING * * *
You are too berserk!
You miss something. Something hits you!
* * * LOW HITPOINT WARNING * * *
Something burns you.
* * * LOW HITPOINT WARNING * * *
You are constricted.
You completely miss something.
You hear some strange, mumbled words.
A bolt of poison appears from out of thin air!
The bolt of poison hits you.
You are lethally poisoned!
You resist.
You die...

#.#.# #..!..##
#......### #.#.#
..(...
####.####. ....#
.....
####.......
#.###
....##.##..####.
#.# .x##......##
## #.###>.....#
#.###..###.#
#####......# #.#
#.@{.......###.#
#.########.....#
#. ####### #. ..
##


There were no monsters in sight!

Vanquished Creatures
  A two-headed ogre (D:8)
  Grinder (D:5)
  4 yaks (D:5)
  A wyvern (D:8)
  Eustachio (D:4)
  Menkaure (D:5)
  A steam dragon (D:6)
  A water moccasin (D:7)
  An orc warrior (D:7)
  An ice beast (D:7)
  A black bear (D:6)
  A centaur (D:6)
  2 ogres (D:6)
  4 bullfrogs
  A scorpion (D:6)
  10 wights (D:6)
  6 killer bees (D:7)
  A crimson imp (D:7)
  A quasit (D:7)
  A jelly (D:6)
  A bombardier beetle (D:5)
  An orc priest (D:5)
  3 hounds
  Crazy Yiuf (D:4)
  An iguana (D:5)
  2 orc wizards
  Natasha (thrice) (D:3)
  3 adders
  3 gnolls (D:6)
  A white imp (D:8)
  4 ufetubi (D:5)
  A dart slug (D:4)
  2 ribbon worms (D:2)
  13 orcs
  6 bats
  8 endoplasms
  A giant cockroach (D:1)
  9 hobgoblins
  2 jackals (D:2)
  3 kobolds
  A quokka (D:1)
  2 ball pythons
  4 frilled lizards
  5 goblins
  A goblin skeleton (D:7)
  A goblin zombie (D:7)
  2 hobgoblin zombies (D:7)
  A kobold skeleton (D:7)
  2 kobold zombies (D:7)
  An orc skeleton (D:7)
  4 rats
133 creatures vanquished.

Notes
Turn   | Place    | Note
-------+----------+-------------------------------------------
     0 | D:1      | bearlyready the Barachi Berserker began the quest for the
                  | Orb.
     0 | D:1      | Reached XP level 1. HP: 18/18 MP: 1/1
    72 | D:1      | Reached skill level 4 in Long Blades
   161 | D:1      | Reached XP level 2. HP: 23/24 MP: 2/2
   675 | D:2      | Reached skill level 5 in Long Blades
   675 | D:2      | Reached XP level 3. HP: 14/29 MP: 3/3
  1485 | D:2      | Found a radiant altar of Vehumet.
  1827 | D:3      | Reached XP level 4. HP: 36/36 MP: 4/4
  1827 | D:3      | Found a broken altar of Ashenzari.
  1933 | D:3      | Noticed Natasha
  1945 | D:3      | Killed Natasha
  1946 | D:3      | Reached skill level 6 in Long Blades
  2079 | D:3      | Noticed Natasha
  2086 | D:3      | Killed Natasha
  2097 | D:3      | Reached XP level 5. HP: 38/41 MP: 5/5
  2104 | D:3      | Noticed Natasha
  2115 | D:3      | Killed Natasha
  2116 | D:3      | Reached skill level 7 in Long Blades
  2213 | D:3      | Reached ** piety under Trog
  2432 | D:3      | Found a white marble altar of Elyvilon.
  2824 | D:4      | Found a stormy altar of Qazlal.
  3049 | D:4      | Reached XP level 6. HP: 47/47 MP: 6/6
  3164 | D:4      | Found a snail-covered altar of Cheibriados.
  3305 | D:4      | Found a runed translucent door.
  3306 | D:4      | Noticed Crazy Yiuf
  3364 | D:4      | Found an ancient bone altar of Kikubaaqudgha.
  3365 | D:4      | Found a blossoming altar of Fedhas.
  3584 | D:4      | Killed Crazy Yiuf
  3628 | D:5      | Entered Level 5 of the Dungeon
  3628 | D:5      | Noticed Eustachio
  3662 | D:4      | Killed Eustachio
  3663 | D:4      | Reached skill level 8 in Long Blades
  3756 | D:5      | Noticed Menkaure
  3776 | D:5      | Killed Menkaure
  3777 | D:5      | Reached skill level 5 in Fighting
  3777 | D:5      | Reached XP level 7. HP: 19/56 MP: 7/7
  3889 | D:5      | Reached skill level 9 in Long Blades
  4258 | D:5      | Noticed Grinder
  4260 | D:5      | Paralysed by Grinder for 5 turns
  4272 | D:5      | Killed Grinder
  4273 | D:5      | Reached XP level 8. HP: 65/65 MP: 8/8
  4346 | D:5      | Noticed a yak
  4346 | D:5      | Noticed a yak
  4346 | D:5      | Noticed a yak
  4346 | D:5      | Noticed a yak
  4434 | D:5      | Killed a yak
  4435 | D:5      | Reached skill level 10 in Long Blades
  4444 | D:5      | Killed a yak
  4454 | D:5      | Killed a yak
  4461 | D:5      | Killed a yak
  5027 | D:6      | Reached skill level 11 in Long Blades
  5196 | D:6      | Reached XP level 9. HP: 75/75 MP: 9/9
  5218 | D:6      | Found a staircase to the Ecumenical Temple.
  5272 | D:6      | Found Nacronop's Magic Scroll Boutique.
  5281 | D:6      | Bought a scroll of teleportation for 36 gold pieces
  5281 | D:6      | Bought a scroll of teleportation for 36 gold pieces
  5281 | D:6      | Bought a scroll of enchant weapon for 90 gold pieces
  5281 | D:6      | Bought a scroll of identify for 24 gold pieces
  5455 | D:6      | Reached skill level 12 in Long Blades
  5458 | D:6      | Reached skill level 10 in Fighting
  6048 | D:7      | Identified a scroll of acquirement
  6059 | D:7      | Acquired a +1 triple sword of venom
  6099 | D:7      | Found a radiant altar of Vehumet.
  6191 | D:7      | Found a glowing golden altar of the Shining One.
  6202 | D:7      | Reached *** piety under Trog
  6458 | D:7      | Reached skill level 13 in Long Blades
  6567 | D:7      | Reached XP level 10. HP: 76/86 MP: 10/10
  6578 | D:7      | Found a hide-covered altar of Uskayaw.
  6923 | D:7      | Found a shimmering altar of Xom.
  6923 | D:7      | Found a burning altar of Makhleb.
  7036 | D:8      | Reached skill level 14 in Long Blades
  7047 | D:8      | Found a sacrificial altar of Ru.
  7204 | D:8      | Noticed Erica
  7204 | D:8      | Noticed a two-headed ogre
  7214 | D:8      | Killed a two-headed ogre
  7223 | D:8      | HP: 4/129 [something (9)]
  7223 | D:8      | HP: 1/129 [something (3)]
  7224 | D:8      | Killed from afar by Erica

Illustrated notes

Levels and vault maps discovered:
D:1:      amcnicky_arrival_abandoned_market, layout_loops_ring
D:2:      layout_basic, serial_corexii_hall, chequers_hall_statues_wall_a,
          corexii_hall_statues_s, corexii_hall_statues_deadend,
          corexii_hall_statues_t, basic_altar
D:3:      layout_basic, elyvilon_altar_1, cheibrodos_ashenzari_chains,
          kennysheep_generic_room_3, uniq_natasha
D:4:      layout_basic, nicolae_qazlal_scattered_showers, cheibriados_altar_1,
          grunt_temple_overflow_growth_and_decay, kennysheep_pointless_box,
          uniq_crazy_yiuf_cottage
D:5:      layout_layer_cave, uniq_eustachio, uniq_grinder, uniq_menkaure
D:6:      layout_loops_corners, minmay_temple_entry_grid, serial_shops,
          nicolae_shop_advertising_works [nicolae_subvault_shop_adworks]
D:7:      layout_loops_corners, grunt_temple_overflow_champion_of_chaos,
          nicolae_uskayaw_suspiria, nicolae_tso_besieged_by_evil,
          vehumet_crystals
D:8:      layout_loops_cross, old_standard_altar, lemuel_crystal_altar,
          nicolae_yredelemnul_corpse_copse, uniq_erica

Skill      XL: |  1  2  3  4  5  6  7  8  9 10 |
---------------+-------------------------------+-----
Long Blades    | 4 5 6 7 8 9 11 13 14 | 14.7
Fighting       | 5 6 8 10 | 10.5
Armour         | |  2.4
Dodging        | |  2.1

Action                     |  1- 3 |  4- 6 |  7- 9 | 10-12 || total
---------------------------+-------+-------+-------+-------++-------
  Melee: Falchion          |   116 |   179 |   224 |       ||   519
         Punch             |       |     1 |     3 |       ||     4
         Triple sword      |       |       |    49 |    32 ||    81
  Throw: Dart              |       |       |     3 |       ||     3
 Invoke: Berserk           |       |     5 |     3 |     1 ||     9
         Trog's Hand       |       |     1 |       |       ||     1
    Use: Scroll            |       |     5 |    10 |       ||    15
         Potion            |       |     1 |       |       ||     1
   Stab: Sleeping          |     1 |       |     1 |       ||     2
 Armour: Animal skin       |    24 |       |       |       ||    24
         Scale mail        |    56 |   146 |       |       ||   202
         Skin              |       |    29 |       |       ||    29
         Leather armour    |       |    19 |   204 |    24 ||   247
  Dodge: Dodged            |    74 |   100 |   203 |     7 ||   384
